 Dungeon Crawl Stone Soup version 0.28-a0-779-g3d1f99b579 (webtiles) character file.

Game seed: 4141952373824370409

10724 rogsnak the Geomancer (level 11, 0/84 HPs)
             Began as a Yellow Draconian Earth Elementalist on Nov 2, 2021.
             Was a Priest of Sif Muna.
             Killed from afar by a rime drake (19 damage)
             ... with a flash freeze
             ... in an ice cave on Nov 3, 2021.
             The game lasted 00:37:23 (17802 turns).

rogsnak the Geomancer (DrEE)                       Turns: 17802, Time: 00:37:23

Health: 0/84       AC:  7    Str: 11    XL:     11   Next: 39%
Magic:  5/23       EV: 17    Int: 18    God:    Sif Muna [***...]
Gold:   796        SH:  0    Dex: 12    Spells: 18/27 levels left

rFire   . . .      SeeInvis +   N - +2 trident (venom)
rCold   + . .      Faith    +   (no shield)
rNeg    . . .      Spirit   .   (armour unavailable)
rPois   +          Reflect  .   (helmet restricted)
rElec   .          Harm     .   T - scarf {shadows}
rCorr   +          Rampage  .   (no gloves)
Will    .....                   (no boots)
Stlth   ++........              L - amulet of faith
HPRegen 0.24/turn               o - +4 ring of evasion
MPRegen 0.18/turn               R - ring of the Blind Eye {rPois rC+ Slay+2 SInv}

@: no status effects
A: spit acid, AC +7, unfitting armour, cold-blooded, acid resistance
a: Breathe Acid, Renounce Religion, Channel Magic, Forget Spell


You were in an ice cave.
You worshipped Sif Muna.
Sif Muna was most pleased with you.
You visited 2 branches of the dungeon, and saw 14 of its levels.
You also visited: Ossuary and Ice Cave.

You collected 796 gold pieces.

Inventory:

Hand Weapons
 c - a +0 dagger
 k - a +0 eveningstar
 q - a +2 dagger of holy wrath
 J - a +0 morningstar of draining
 N - a +2 trident of venom (weapon)
 Q - a +2 whip of electrocution
 S - a +0 glaive of venom
Missiles
 b - 389 stones
 h - 4 boomerangs
 i - 4 boomerangs of dispersal
 C - 45 poisoned darts (quivered)
 G - 6 atropa-tipped darts
 M - a throwing net
Armour
 D - a +0 buckler
 T - a scarf of shadows (worn)
Magical Staves
 V - a staff of earth
Jewellery
 o - a +4 ring of evasion (left hand)
 L - an amulet of faith (around neck)
 O - an amulet of the acrobat
 R - the ring of the Blind Eye (right hand) {rPois rC+ Slay+2 SInv}
   (You acquired it on level 12 of the Dungeon)

   [ring of protection from cold]

   Slay:      It affects your accuracy & damage with ranged weapons and melee
   (+2).
   rC:        It protects you from cold.
   rPois:     It protects you from poison.
   SInv:      It lets you see invisible.
Wands
 r - a wand of iceblast (28)
 t - a wand of acid (7)
Scrolls
 f - 2 scrolls of teleportation
 j - a scroll of vulnerability
 l - 3 scrolls of identify
 m - a scroll of magic mapping
 y - 4 scrolls of fog
 z - 3 scrolls of enchant weapon {unknown}
 F - 2 scrolls of amnesia
 I - 2 scrolls of blinking
 K - a scroll of holy word
 U - a scroll of immolation
Potions
 a - 2 potions of berserk rage {unknown}
 d - 3 potions of brilliance {unknown}
 e - 4 potions of curing
 g - a potion of resistance {unknown}
 n - 3 potions of ambrosia {unknown}
 p - 5 potions of haste {unknown}
 s - 2 potions of magic {unknown}
 u - 2 potions of lignification {unknown}
 v - 2 potions of attraction {unknown}
 w - a potion of mutation {unknown}
 x - 7 potions of heal wounds {unknown}
 A - 2 potions of flight {unknown}
 H - a potion of cancellation {unknown}
 P - a potion of might {unknown}


   Skills:
 + Level 4.0 Fighting
 + Level 5.1 Dodging
 - Level 2.0 Stealth
 + Level 8.5 Spellcasting
 + Level 8.7 Conjurations
 - Level 1.0 Transmutations
 * Level 11.7 Earth Magic


You had 18 spell levels left.
You knew the following spells:

 Your Spells              Type           Power      Damage    Failure   Level
a - Sandblast             Erth           100%       2d20      1%          1
b - Stone Arrow           Conj/Erth      88%        3d12      1%          3
c - Borgnjor's Vile Clut  Necr/Erth      14%        N/A       22%         5

Your spell library contained the following spells:

 Spells                   Type           Power      Damage    Failure   Level
 Passwall                 Tmut/Erth      25%        N/A       1%          2
 Dazzling Flash           Conj/Hex       46%        N/A       4%          3
 Petrify                  Tmut/Erth      30%        N/A       7%          4
 Slow                     Hex            28%        N/A       10%         1
 Ensorcelled Hibernation  Hex/Ice        14%        N/A       14%         2
 Confusing Touch          Hex            7%         N/A       28%         3
 Tukima's Dance           Hex            7%         N/A       28%         3
 Animate Dead             Necr           3%         N/A       67%         4
 Yara's Violent Unravell  Hex/Tmut       4%         3d4       91%         5
 Agony                    Necr           7%         N/A       95%         5
 Silence                  Hex/Air        3%         N/A       95%         5
 Death Channel            Necr           3%         N/A       100%        6


Dungeon Overview and Level Annotations

Branches:
Dungeon (13/15)            Temple (1/1) D:4            Lair (0/6) D:10
    Orc (0/2) D:9         Ossuary (visited)           IceCv (1/1)
 Vaults: D:13-14

Altars:
Ashenzari
Cheibriados
Dithmenos
Elyvilon
Fedhas
Gozag
Hepliaklqana
Kikubaaqudgha
Makhleb
Nemelex Xobeh
Okawaru
Qazlal
Ru
Sif Muna
Trog
Uskayaw
Vehumet
Wu Jian
Xom
Yredelemnul
Zin
The Shining One

Shops:
D:2 =   D:8 (

Annotations:
D:2 Water cache?
D:8 wall cache


Innate Abilities, Weirdness & Mutations

You can spit globs of acid.
Your golden yellow scales are hard. (AC +7)
You cannot fit into any form of body armour.
You are cold-blooded and may be slowed by cold attacks.
You are resistant to acid. (rCorr)


Message History

Aim: a rime drake (heavily wounded, 70% to hit)
The stone arrow hits the rime drake!
The rime drake is almost dead.
The rime drake breathes ice at you. The flash freeze hits you!
You partially resist.
You are encased in ice.
The polar bear bites you!
* * * LOW HITPOINT WARNING * * *
The polar bear claws you.
* * * LOW HITPOINT WARNING * * *
The polar bear completely misses you.
Okay, then.
Okay, then.
The rime drake bites you.
* * * LOW HITPOINT WARNING * * *
Unknown command.
Okay, then.
As you read the scroll of fear, it crumbles to dust.
You assume a fearsome visage.
The polar bear looks frightened!
The rime drake looks frightened!
Unknown command.
Unknown command.
The ice encasing you melts away. The rime drake breathes ice at you.
The flash freeze misses you.
Unknown command.
Unknown command.
Aiming: Corrosive Bolt
Press: ? - help, Shift-Dir - straight line, f - you, p - rime drake
Okay, then.
Okay, then.
There are no items here.
Throw: 46 darts (poison)
Press: ? - help, Q - select action, (/) - cycle Shift-Dir - straight line, f/p - rime drake
Aim: a rime drake (almost dead, 55% to hit)
You throw a poisoned dart.
The poisoned dart barely misses the rime drake.
The rime drake breathes ice at you. The flash freeze hits you!!
You partially resist.
You die...

#### #### ##..##
##..#####....##
..##.†..##.......#
k....#.†..k..∩.∩.#
.h..###.......†.@#
..## ##..##..†.##
. ######..## ####


You could see a rime drake (catching breath).

Vanquished Creatures
  2 two-headed ogres (D:8)
  Pikel (D:9)
  2 cyclopes (D:13)
  Maggie (D:7)
  Psyche (D:9)
  A troll (D:9)
  2 polar bears (IceCv)
  Grinder (D:6)
  Prince Ribbit (D:9)
  A meliai zombie (D:10)
  A shadow (D:10)
  Sigmund (D:4)
  2 wyverns (D:7)
  6 yaks
  Grum (D:9)
  3 vampire mosquitoes (D:10)
  Menkaure (D:7)
  2 water moccasins
  3 orc warriors
  A sky beast (D:5)
  A black bear (D:6)
  4 ice beasts
  An ogre (D:5)
  3 centaurs
  A phantom (D:6)
  5 wolves
  2 lemures (D:9)
  2 kobold brigands (D:9)
  5 bullfrogs
  A gnoll sergeant (D:8)
  7 killer bees
  6 howler monkeys
  6 centaur zombies
  4 orc priests
  3 hounds
  4 bullfrog skeletons
  2 gnoll shamans
  4 iguanas
  Ijyb (D:5)
  18 orc wizards
  2 hound skeletons (D:5)
  5 mummies
  Robin (D:3)
  15 gnolls
  A howler monkey skeleton (D:6)
  11 adders
  An adder zombie (D:4)
  A worm (D:2)
  9 dart slugs
  39 orcs
  6 bats
  2 endoplasms
  4 giant cockroaches
  19 goblins
  10 hobgoblins
  4 jackals (D:3)
  A quokka (D:1)
  7 ball pythons
  5 frilled lizards
  A gnoll zombie (Ossuary)
  A goblin zombie (Ossuary)
  2 hobgoblin zombies
  18 kobolds
  2 kobold zombies (Ossuary)
  2 orc zombies
  2 rats (D:2)
285 creatures vanquished.

Vanquished Creatures (others)
  A kobold (D:9)
1 creature vanquished.

Grand Total: 286 creatures vanquished

Notes
Turn   | Place    | Note
-------+----------+-------------------------------------------
     0 | D:1      | rogsnak the Draconian Earth Elementalist began the quest
                  | for the Orb.
     0 | D:1      | Reached XP level 1. HP: 14/14 MP: 3/3
   126 | D:1      | Found a faded altar of an unknown god.
   456 | D:1      | Reached XP level 2. HP: 20/20 MP: 5/5
  1275 | D:1      | Reached XP level 3. HP: 20/26 MP: 6/6
  2279 | D:2      | Reached XP level 4. HP: 34/34 MP: 8/8
  2409 | D:2      | Learned a level 3 spell: Stone Arrow
  2518 | D:2      | Found Beurat's Jewellery Emporium.
  2880 | D:3      | Reached skill level 1 in Fighting
  2895 | D:3      | Reached skill level 1 in Conjurations
  2895 | D:3      | Reached XP level 5. HP: 22/40 MP: 7/9
  3006 | D:3      | Noticed Robin
  3215 | D:3      | Learned a level 5 spell: Borgnjor's Vile Clutch
  3592 | D:3      | HP: 2/40 [goblin[Robin] (1)]
  4022 | D:3      | Killed Robin
  4277 | D:4      | Reached skill level 4 in Earth Magic
  4312 | D:4      | Found a sand-covered staircase.
  4442 | Ossuary  | Entered an ossuary
  4466 | Ossuary  | Reached XP level 6. HP: 48/48 MP: 7/10
  5525 | D:4      | Found a staircase to the Ecumenical Temple.
  5538 | Temple   | Entered the Ecumenical Temple
  5673 | D:4      | Noticed Sigmund
  5989 | D:4      | Found a broken altar of Ashenzari.
  6006 | D:4      | Noticed an ice beast
  6162 | D:5      | Entered Level 5 of the Dungeon
  6327 | D:5      | Your scales start taking on a golden yellow colour.
  6327 | D:5      | Reached XP level 7. HP: 57/57 MP: 5/12
  6327 | D:5      | Gained mutation: You are resistant to acid. (rCorr) [Yellow
                  | Draconian growth]
  6420 | D:4      | Killed Sigmund
  6608 | D:4      | Reached skill level 5 in Earth Magic
  6804 | D:5      | Noticed Ijyb
  6811 | D:5      | Killed Ijyb
  7510 | D:5      | Reached XP level 8. HP: 63/63 MP: 1/14
  7935 | D:5      | Found a shimmering blue altar of Sif Muna.
  7943 | D:5      | Became a worshipper of Sif Muna the Loreminder
  8142 | D:6      | Reached skill level 6 in Earth Magic
  8684 | D:6      | Noticed Grinder
  9197 | D:6      | Killed Grinder
  9198 | D:6      | Reached skill level 5 in Conjurations
  9217 | D:7      | Noticed Maggie
  9369 | D:7      | Reached skill level 7 in Earth Magic
  9379 | D:7      | Reached skill level 5 in Spellcasting
  9482 | D:7      | Killed Maggie
  9483 | D:7      | Reached XP level 9. HP: 12/70 MP: 0/16
 10271 | D:6      | Reached skill level 8 in Earth Magic
 10404 | D:7      | Reached * piety under Sif Muna
 10641 | D:7      | Noticed Menkaure
 10652 | D:7      | Killed Menkaure
 11397 | D:7      | Found a shimmering altar of Xom.
 11571 | D:8      | Reached skill level 9 in Earth Magic
 11710 | D:8      | Found Fehuwk's Antique Weapon Emporium.
 12315 | D:8      | Reached ** piety under Sif Muna
 12316 | D:8      | Reached XP level 10. HP: 78/78 MP: 4/20
 12529 | D:8      | Noticed a two-headed ogre
 12670 | D:7      | Found a white marble altar of Elyvilon.
 12670 | D:7      | Found an ancient bone altar of Kikubaaqudgha.
 12670 | D:7      | Found a glowing silver altar of Zin.
 12670 | D:7      | Found an opulent altar of Gozag.
 12750 | D:8      | Noticed a two-headed ogre
 13007 | D:8      | Noticed a two-headed ogre
 13015 | D:8      | Killed a two-headed ogre
 13153 | D:8      | Killed a two-headed ogre
 13154 | D:8      | Reached skill level 10 in Earth Magic
 13740 | D:9      | Noticed Prince Ribbit
 13753 | D:9      | Killed Prince Ribbit
 14531 | D:9      | Noticed Psyche
 14590 | D:9      | Killed Psyche
 14699 | D:9      | Noticed Pikel
 14706 | D:9      | Killed Pikel
 14707 | D:9      | Reached skill level 11 in Earth Magic
 14877 | D:9      | Noticed Grum
 14878 | D:9      | Reached XP level 11. HP: 83/83 MP: 16/23
 15091 | D:9      | Killed Grum
 15256 | D:9      | Found a shadowy altar of Dithmenos.
 15286 | D:9      | Found a staircase to the Orcish Mines.
 15473 | D:9      | Reached *** piety under Sif Muna
 15823 | D:10     | Entered Level 10 of the Dungeon
 16255 | D:10     | Found a staircase to the Lair.
 16712 | D:10     | Found a snail-covered altar of Cheibriados.
 16842 | D:10     | Reached skill level 5 in Dodging
 17167 | D:11     | You fall into a shaft and drop 1 floor!
 17170 | D:12     | Identified a scroll of acquirement
 17171 | D:12     | Acquired the ring of the Blind Eye {rPois rC+ Slay+2 SInv}
 17175 | D:12     | Noticed a boulder beetle
 17180 | D:12     | Noticed a four-headed hydra
 17573 | D:13     | Found a frozen archway.
 17662 | IceCv    | Entered an ice cave
 17802 | IceCv    | Killed from afar by a rime drake

Illustrated notes

Levels and vault maps discovered:
D:1:      dpeg_arrival_boxes_within_box, layout_loops_ring,
          dreamdust_ecumenical_altar_grove, minmay_heptomino_d4
D:2:      layout_basic, serial_shops, shop, grunt_ministairs_2, st_stairs_10,
          minmay_goblin_outpost
D:3:      layout_basic, uniq_robin
D:4:      layout_loops_ring, nicolae_ashenzari_skybound,
          minmay_temple_entry_waves, nicolae_ossuary_entry_giza,
          minmay_circle_x, uniq_sigmund
D:5:      layout_gridville, tgw_sif, uniq_ijyb
D:6:      layout_gridville, minmay_misc_feat_diagonals, uniq_grinder
D:7:      layout_rooms, nicolae_overflow_hidden_temple, uniq_maggie,
          uniq_menkaure
D:8:      minmay_goldmine, layout_loops_ring, serial_shops,
          kennysheep_little_box, chequers_serial_rivers_small_a, minivault_21,
          kennysheep_generic_room_13
D:9:      layout_basic, mainiacjoe_overflow_surrounded_room, orc_0_dummy,
          minmay_stone_trees_small, chequers_jeans, uniq_prince_ribbit1,
          uniq_pikel, uniq_grum, uniq_psyche
D:10:     layout_loops_corners, kennysheep_slug_shrine, lair_entry_dummy,
          kennysheep_pointless_box
D:11:     layout_irregular_city, maelrawn_ghost_gauntlet_escape, enter_bailey_5,
          uniq_fannar
D:12:     layout_stronghold, uniq_urug
D:13:     layout_basic, portal_ice_cave_entry_pillars_1
Temple:   dshaligram_water_room_temple
IceCv:    ice_cave_small_giant

Skill      XL: |  1  2  3  4  5  6  7  8  9 10 11 |
---------------+----------------------------------+-----
Stealth        | 2 |  2.0
Dodging        | 2 3 4 5 |  5.1
Fighting       | 1 2 3 4 |  4.0
Spellcasting   | 3 4 5 6 8 |  8.5
Conjurations   | 1 2 3 6 7 8 |  8.7
Earth Magic    | 4 5 7 9 11 | 11.7
Transmutations | |  1.0

Action                   |  1- 3 |  4- 6 |  7- 9 | 10-12 || total
-------------------------+-------+-------+-------+-------++-------
Melee: Unarmed           |    25 |       |       |       ||    25
       Dagger            |   112 |       |       |       ||   112
       Tailslap          |    18 |    24 |       |     2 ||    44
       Eveningstar       |     1 |   215 |    14 |       ||   230
       Trident           |       |       |       |    38 ||    38
Throw: Boomerang         |       |     1 |       |       ||     1
       Dart              |       |       |       |     1 ||     1
 Cast: Sandblast         |     4 |     7 |     7 |       ||    18
       Stone Arrow       |       |    23 |   150 |   147 ||   320
 Abil: Breathe Acid      |       |       |    14 |     9 ||    23
Evoke: Wand              |       |       |     1 |     1 ||     2
  Use: Scroll            |       |       |       |    12 ||    12
 Stab: Sleeping          |     3 |     6 |       |     1 ||    10
Armor: Skin              |    45 |    73 |    13 |    26 ||   157
Dodge: Dodged            |    97 |   213 |    64 |   103 ||   477

Table legend: (Time is in decaauts)
 A = Elapsed time spent in this place.
 B = Non-inter-level travel time spent in this place.
 C = Inter-level travel time spent in this place.
 D = Time resting spent in this place.
 E = Time spent auto-exploring this place.
 F = Levels seen in this place.
 G = Mean time per level.
                   A        B        C        D        E       F      G
               +--------+--------+--------+--------+--------+-----+--------+
         Total |  17959 |  17620 |    339 |   5948 |   7668 |  16 | 1122.4 |
       Dungeon |  17104 |  16765 |    339 |   5547 |   7568 |  13 | 1315.7 |
        Temple |    132 |    132 |      0 |      0 |    100 |   1 |  132.0 |
       Ossuary |    579 |    579 |      0 |    308 |      0 |   1 |  579.0 |
      Ice Cave |    142 |    142 |      0 |     93 |      0 |   1 |  142.0 |
               +--------+--------+--------+--------+--------+-----+--------+

Top non-repeatable levels by time:
     D:6: 2402 daAuts
     D:8: 2329 daAuts
     D:9: 1900 daAuts
     D:1: 1693 daAuts
     D:5: 1541 daAuts
     D:4: 1491 daAuts
     D:2: 1478 daAuts
     D:3: 1335 daAuts
    D:10: 1333 daAuts
     D:7: 1086 daAuts
 Ossuary: 579 daAuts
    D:13: 324 daAuts
    D:12: 169 daAuts
   IceCv: 142 daAuts
  Temple: 132 daAuts
